 Dungeon Crawl Stone Soup version 0.22-a0-776-ge6d7efa (webtiles) character file.

296 Hebeh the Magician (level 6, -1/32 HPs)
             Began as a Deep Elf Fire Elementalist on July 18, 2018.
             Slain by an ogre
             ... wielding a +0 giant club
              (33 damage)
             ... on level 4 of the Dungeon.
             The game lasted 00:12:59 (4929 turns).

Hebeh the Magician (Deep Elf Fire Elementalist)     Turns: 4929, Time: 00:13:01

Health: -1/32      AC:  5    Str:  5    XL:     6   Next: 12%
Magic:  8/15       EV: 13    Int: 22    God:
Gold:   170        SH:  3    Dex: 15    Spells: 9/15 levels left

rFire    . . .     SeeInvis .   b - +0 hunting sling
rCold    . . .     Gourm    .   (no shield)
rNeg     . . .     Faith    .   f - +1 robe
rPois    .         Spirit   .   e - +0 helmet
rElec    .         Reflect  +   (no cloak)
rCorr    .         Harm     .   A - +0 pair of gloves
MR       .....                  (no boots)
Stlth    ++........             y - +3 amulet of reflection
HPRegen  0.10/turn              (no ring)
MPRegen  0.14/turn              (no ring)

@: no status effects
A: no striking features
a: no special abilities


You were on level 4 of the Dungeon.
You were not hungry.

You visited 1 branch of the dungeon, and saw 4 of its levels.

You collected 170 gold pieces.

Inventory:

Hand Weapons
 a - a +1 hand axe of draining
 b - a +0 hunting sling (weapon)
 x - a +2 short sword of venom
Missiles
 h - 108 stones
 j - 28 arrows
 q - 26 sling bullets (quivered)
Armour
 e - a +0 helmet (worn)
 f - a +1 robe (worn)
 A - a +0 pair of gloves (worn)
Jewellery
 y - a +3 amulet of reflection (around neck)
Wands
 s - a wand of random effects (29)
Scrolls
 g - a scroll of blinking
 k - a scroll of enchant armour
 m - 2 scrolls of identify
 o - 3 scrolls of teleportation
 v - 2 scrolls of fog
Potions
 d - a potion of lignification {unknown}
 i - a potion of brilliance {unknown}
 l - a potion of degeneration {unknown}
 n - 2 potions of mutation {unknown}
 r - 3 potions of curing {unknown}
 z - a potion of berserk rage {unknown}
Comestibles
 c - 7 rations
 p - 2 chunks of flesh


   Skills:
 - Level 2.4 Dodging
 - Level 2.4 Stealth
 + Level 5.0 Spellcasting
 * Level 4.8 Conjurations
 + Level 4.7 Fire Magic


You had 9 spell levels left.
You knew the following spells:

 Your Spells              Type           Power        Failure   Level  Hunger
a - Flame Tongue          Conj/Fire      ####.        1%          1    None
b - Throw Flame           Conj/Fire      ####..       2%          2    None
c - Conjure Flame         Conj/Fire      ####....     4%          3    ##.....

Your spell library contained the following spells:

 Spells                   Type           Power        Failure   Level  Hunger
 Fireball                 Conj/Fire      ####......   36%         5    #####..
 Animate Dead             Necr           N/A          69%         4    ####...
 Pain                     Necr           #...         10%         1    None
 Animate Skeleton         Necr           N/A          10%         1    None
 Vampiric Draining        Necr           #.........   30%         3    ##.....
 Sticky Flame             Conj/Fire      ####....     14%         4    ####...
 Regeneration             Chrm/Necr      #.........   30%         3    ##.....
 Inner Flame              Hex/Fire       ###.....     12%         3    ##.....


Dungeon Overview and Level Annotations

Branches:
Dungeon (4/15)
 Temple: D:4-7

Altars:
Ashenzari
Okawaru
Ru
Trog
Uskayaw
Xom


Message History

The flame tongue hits the ogre.
The ogre is severely wounded.
Casting: Flame Tongue (safe; 1% risk of failure)
Confirm with . or Enter, or press ? or * to list all spells.
Aiming: Flame Tongue (safe; 1% risk of failure)
Press: ? - help, Shift-Dir - straight line, f/p - ogre
Aim: an ogre, wielding a giant club (severely wounded)
The flame tongue hits the ogre.
The ogre is almost dead.
Casting: Flame Tongue (safe; 1% risk of failure)
Confirm with . or Enter, or press ? or * to list all spells.
Aiming: Flame Tongue (safe; 1% risk of failure)
Press: ? - help, Shift-Dir - straight line, f/p - ogre
Aim: an ogre, wielding a giant club (almost dead)
The flame tongue hits the ogre.
The ogre is almost dead.
An adder comes into view.
The ogre hits you with a giant club!!
Ouch! That really hurt!
You die...

####### #..@..##
#..O#...##
#.....###...##
#............##
#(..#.).).#...#######
S..##.._..##........#
##. #.).).#.........#
. .................#
...###....###.####


You could see an ogre and an adder (wandering).

Vanquished Creatures
  A sky beast (D:4)
  A scorpion (D:4)
  A hound (D:4)
  A hound skeleton (D:4)
  4 adders
  2 worms (D:2)
  3 dart slugs (D:1)
  7 leopard geckos
  2 orcs
  7 bats
  3 giant cockroaches
  6 hobgoblins
  2 jackals (D:4)
  2 quokkas (D:2)
  6 frilled lizards
  6 goblins
  8 kobolds
  A leopard gecko skeleton (D:4)
  A quokka skeleton (D:4)
  7 rats
71 creatures vanquished.

Notes
Turn   | Place    | Note
-------+----------+-------------------------------------------
     0 | D:1      | Hebeh the Deep Elf Fire Elementalist began the quest for the Orb.
     0 | D:1      | Reached XP level 1. HP: 10/10 MP: 6/6
   259 | D:1      | Reached XP level 2. HP: 11/15 MP: 8/8
  1077 | D:1      | Reached XP level 3. HP: 19/19 MP: 8/10
  1601 | D:2      | Found a bloodstained altar of Trog.
  1614 | D:2      | Learned a level 2 spell: Throw Flame
  1618 | D:2      | Learned a level 3 spell: Conjure Flame
  1748 | D:2      | Found a faded altar of an unknown god.
  2190 | D:2      | Reached XP level 4. HP: 24/24 MP: 8/11
  2875 | D:2      | Reached skill level 4 in Spellcasting
  2898 | D:2      | Found a sacrificial altar of Ru.
  3001 | D:2      | Found a shattered altar of Ashenzari.
  3546 | D:3      | Found a shimmering altar of Xom.
  4136 | D:3      | Found a hide-covered altar of Uskayaw.
  4170 | D:3      | Noticed a hand axe
  4171 | D:3      | Noticed a hand axe
  4295 | D:4      | Reached XP level 5. HP: 25/28 MP: 7/13
  4546 | D:4      | Noticed a sky beast
  4556 | D:4      | Killed a sky beast
  4646 | D:4      | Reached skill level 5 in Spellcasting
  4646 | D:4      | Reached XP level 6. HP: 32/32 MP: 7/15
  4917 | D:4      | Found an iron altar of Okawaru.
  4929 | D:4      | Slain by an ogre

Vault maps used:
D:1:      dpeg_arrival_arbitrary_b
D:2:      minmay_wonky_spiral, bloody_trog, minitemple,
          chequers_ecumenical_altar_simple
D:3:      xom_butterflies, dancing_weapons_uskayaw, first_ration
D:4:      okawaru_ov_weapons_minmay, kennysheep_generic_room_8, uniq_sigmund

Skill      XL: |  1  2  3  4  5 |
---------------+----------------+-----
Conjurations   | 2 3 4 |  4.8
Spellcasting   | 4 5 |  5.0
Fire Magic     | 4 |  4.7
Dodging        | |  2.4
Stealth        | |  2.4

Action                   |  1- 3 |  4- 6 || total
-------------------------+-------+-------++-------
Melee: Hand axe          |    28 |       ||    28
       Dagger            |       |     2 ||     2
 Fire: Hunting sling     |    36 |    10 ||    46
Throw: Stone             |    13 |     5 ||    18
 Cast: Flame Tongue      |    33 |    41 ||    74
       Throw Flame       |       |    21 ||    21
  Use: Scroll            |       |     8 ||     8
 Stab: Sleeping          |     1 |       ||     1
  Eat: Chunk             |     4 |     8 ||    12
Armor: Robe              |     3 |     2 ||     5
Dodge: Dodged            |    23 |     5 ||    28

Table legend:
 A = Spawn XP
 B = Non-spawn XP
 C = Spawn XP percentage of total XP
 D = Spawn monster count
 E = Non-spawn monster count
 F = Spawn count percentage of total count
 G = Total turns spent on level
                    A         B        C        D         E        F      G
               +---------+---------+-------+---------+---------+-------+---------
         Total |       0 |     423 |   0.0 |       0 |      71 |   0.0 |  4929
               +---------+---------+-------+---------+---------+-------+---------
           D:1 |       0 |      45 |   0.0 |       0 |      24 |   0.0 |  1601
           D:2 |       0 |      66 |   0.0 |       0 |      22 |   0.0 |  1842
           D:3 |       0 |      50 |   0.0 |       0 |      15 |   0.0 |   891
           D:4 |       0 |     262 |   0.0 |       0 |      10 |   0.0 |   595
               +---------+---------+-------+---------+---------+-------+---------
